 Dungeon Crawl Stone Soup version 0.28-a0-178-ga708605c5b (webtiles) character file.

Game seed: 10706806992159953973

51193 sanka the Destroyer (level 14, -9/97 HPs)
             Began as a Gnoll Conjurer on Aug 17, 2021.
             Was the Champion of Ru.
             Mangled by a boulder beetle (25 damage)
             ... on level 4 of the Lair of Beasts.
             The game lasted 00:45:19 (21412 turns).

sanka the Destroyer (Gnoll Conjurer)               Turns: 21412, Time: 00:45:19

Health: -9/97      AC: 17    Str: 11    XL:     14   Next: 58%
Magic:  28/28      EV: 17    Int: 26    God:    Ru [******]
Gold:   225        SH:  0    Dex: 14    Spells: 22/33 levels left

rFire   . . .      SeeInvis .   a - +12 war axe of Past Mistakes {pain, rF- Str+4 Dex+3}
rCold   . . .      Faith    .   (shield unavailable)
rNeg    . . .      Spirit   .   R - +1 steam dragon scales
rPois   .          Reflect  .   N - +1 helmet
rElec   .          Harm     .   G - +1 cloak
rCorr   .          Rampage  ∞   (no gloves)
Will    +....                   r - +3 pair of seven-league boots {Rampage+∞}
Stlth   ++++......              O - amulet of magic regeneration
HPRegen 0.26/turn               (ring unavailable)
MPRegen 0.46/turn               c - ring "Eschusme" {rF+ Str-2 Int+6 Slay+3}

@: lethally poisoned (-9 -> -16)
A: fangs 1, frail 1, missing a hand, inability to use devices, strong nose,
distributed training
a: Renounce Religion, Draw Out Power, Power Leap, Apocalypse


You were on level 4 of the Lair of Beasts.
You worshipped Ru.
Ru was exalted by your worship.
You visited 3 branches of the dungeon, and saw 16 of its levels.
You also visited: Sewer and Gauntlet.

You collected 2497 gold pieces.
You spent 2272 gold pieces at shops.


Innate Abilities, Weirdness & Mutations

You have very sharp teeth.
You are frail. (-10% HP)
You are missing a hand.
You cannot study or use magical devices.
Your uncanny sense of smell can sniff out nearby items.
Your experience applies equally to all skills.


   Skills:
 + Level 9.1 Fighting
 + Level 9.1 Short Blades
 + Level 9.1 Long Blades
 + Level 9.1 Axes
 + Level 9.1 Maces & Flails
 + Level 9.1 Polearms
 + Level 9.1 Staves
 + Level 9.1 Slings
   Level 0.0 Bows
 + Level 9.1 Crossbows
 + Level 9.1 Throwing
 + Level 9.1 Armour
 + Level 10.1 Dodging
 + Level 10.0 Stealth
   Level 0.0 Shields
 + Level 9.1 Unarmed Combat
 + Level 10.3 Spellcasting
 + Level 10.3 Conjurations
 + Level 7.5 Hexes
 + Level 7.5 Summonings
 + Level 7.5 Necromancy
 + Level 7.5 Translocations
 + Level 7.5 Transmutations
 + Level 7.5 Fire Magic
 + Level 7.5 Ice Magic
 + Level 7.5 Air Magic
 + Level 7.5 Earth Magic
 + Level 7.5 Poison Magic
 + Level 9.9 Invocations
   Level 0.0 Evocations


You had 22 spell levels left.
You knew the following spells:

 Your Spells              Type           Power      Damage    Failure   Level
b - Blink                 Tloc           N/A        N/A       1%          2
c - Iron Shot             Conj/Erth      28%        9d6       17%         6
x - Searing Ray           Conj           100%       3d7       1%          2
z - Magic Dart            Conj           100%       1d8       1%          1

Your spell library contained the following spells:

 Spells                   Type           Power      Damage    Failure   Level
 Corona                   Hex            57%        N/A       1%          1
 Ensorcelled Hibernation  Hex/Ice        100%       N/A       1%          2
 Dazzling Flash           Conj/Hex       100%       N/A       1%          3
 Lesser Beckoning         Tloc           26%        N/A       1%          3
 Ozocubu's Armour         Ice            52%        N/A       1%          3
 Tukima's Dance           Hex            52%        N/A       1%          3
 Animate Armour           Summ/Erth      100%       N/A       1%          4
 Fulminant Prism          Conj/Hex       28%        3d14      1%          4
 Iskenderun's Mystic Bla  Conj/Tloc      56%        2d12      1%          4
 Petrify                  Tmut/Erth      52%        N/A       1%          4
 Blade Hands              Tmut           26%        N/A       5%          5
 Manifold Assault         Tloc           52%        N/A       5%          5
 Metabolic Englaciation   Hex/Ice        26%        N/A       5%          5
 Statue Form              Tmut/Erth      34%        N/A       30%         6
 Ozocubu's Refrigeration  Ice            26%        4d10      86%         7

Inventory:

Hand Weapons
 a - the +12 war axe of Past Mistakes (weapon) {pain, rF- Str+4 Dex+3} In the hands of one skilled in necromantic magic, it inflicts extra damage on living creatures. Str: It affects your strength (+4). Dex: It affects your dexterity (+3). rF: It makes you vulnerable to fire.
Missiles
 l - 63 poisoned darts
 v - a curare-tipped dart {=f}
 x - 11 silver javelins
 P - a throwing net {=f}
Armour
 g - the +0 helmet "Loerry Fuyck" {+Blink rC- rN+ Str+9}

   Str:       It affects your strength (+9).
   rC:        It makes you vulnerable to cold.
   rN:        It protects you from negative energy.
   +Blink:    It lets you blink.
 m - the +1 robe of Teusm {rElec rN+} rElec: It insulates you from electricity. rN: It protects you from negative energy.
 r - the +3 pair of seven-league boots (worn) {Rampage+∞} Its wearer moves as far as possible in that direction when moving towards enemies.
 G - a +1 cloak (worn)
 M - the +5 chain mail of the Lobster {Dex+5}

   Dex:       It affects your dexterity (+5).
 N - a +1 helmet (worn)
 R - +1 steam dragon scales (worn)
Jewellery
 c - the ring "Eschusme" (right hand) {rF+ Str-2 Int+6 Slay+3}

   [ring of intelligence]

   Str:       It affects your strength (-2).
   Int:       It affects your intelligence (+6).
   Slay:      It affects your accuracy & damage with ranged weapons and melee
   (+3).
   rF:        It protects you from fire.
 d - a ring of protection from fire
 p - a ring of poison resistance
 E - a ring of ice
 H - a +4 ring of evasion
 O - an amulet of magic regeneration (around neck)
 Q - a ring of resist corrosion
Scrolls
 f - 3 scrolls of fear
 j - 7 scrolls of teleportation {@r4}
 k - a scroll of fog
 n - 4 scrolls of enchant armour
 o - 4 scrolls of enchant weapon
 q - a scroll of silence {!r}
 s - 4 scrolls of blinking
 t - 3 scrolls of immolation {!r}
 B - a scroll of brand weapon
 C - a scroll of vulnerability {!r}
Potions
 b - a potion of magic {unknown}
 e - a potion of mutation {!q}
 h - 6 potions of heal wounds {@q2}
 i - 9 potions of ambrosia
 u - 5 potions of might
 z - a potion of brilliance
 A - a potion of cancellation
 D - 2 potions of flight {unknown}
 F - a potion of resistance
 I - 3 potions of haste {@q3}
 J - 2 potions of berserk rage {!q}
 K - 6 potions of curing {@q1}
 S - a potion of lignification {unknown}

Dungeon Overview and Level Annotations

Branches:
Dungeon (11/15)            Temple (1/1) D:5            Lair (4/6) D:9
  Swamp (0/4) Lair:3        Snake (0/4) Lair:4        Sewer (visited)
Gauntlet (visited)
    Orc: D:9-12

Altars:
Ashenzari
Cheibriados
Dithmenos
Elyvilon
Fedhas
Gozag
Hepliaklqana
Kikubaaqudgha
Makhleb
Nemelex Xobeh
Okawaru
Qazlal
Ru
Sif Muna
Trog
Uskayaw
Vehumet
Wu Jian
Xom
Yredelemnul
Zin
The Shining One

Shops:
D:1 [   D:7 ?!=[

Annotations:
D:4 exclusion: orc warrior

,░,,,,,,░░,,,,░▒......▒▒▒.▒▒▒....
..▒▒....▒░▒..,▒▒.....▒▒...▒▒.....
..▒.....▒▒f..░▒.....▒.▒...▒░▒....
............,░░▒......▒...▒▒▒....
...........,░░ ▒......'...P▒.....
..f.....P▒░░░ ▒▒▒.▒▒▒▒...'......
f▒.......▒▒▒▒▒▒▒▒☼..▒▒▒▒▒▒▒▒.....
.▒▒▒†..........▒B....▒ ▒▒▒....
...........(..▒▒g))..▒▒▒▒▒▒f▒....
..............▒))▒▒▒..▒..........
..............▒...,,..▒..........
..............▒...>,,.▒..........
.▒▒...▒.▒▒.f.f▒.....,,▒▒▒▒.......
▒......▒▒(....▒..▒▒▒.,░,░▒▒▒.....
.▒▒...▒......▒▒▒..,,.▒░,..░▒.....
..▒...▒......▒▒▒..,,,▒░,...▒.....
.▒▒....▒......▒░░,,,░░░,...+.(...


You could see a boulder beetle (rolling).


Message History

You kill the naga!
You hit the naga.
The naga writhes in agony.
You slash the naga!
You kill the naga!
You feel very sick. The naga spits poison at you.
The splash of poison hits you.
You are more poisoned.
* * * LOW HITPOINT WARNING * * *
You focus your inner power and paralyse the naga in retribution!
The helpless naga fails to defend itself.
You hit the naga but do no damage.
The naga writhes in agony.
The naga is moderately wounded.
You feel very sick.
Unknown command.
The helpless naga fails to defend itself.
You hit the naga.
The naga writhes in agony.
The naga is heavily wounded.
You feel very sick.
The boulder beetle curls into a ball and begins rolling!
Unknown command.
The helpless naga fails to defend itself.
You slash the naga!
You kill the naga!
You feel sick. The boulder beetle hits you!!
You die...

Action                   |  1- 3 |  4- 6 |  7- 9 | 10-12 | 13-15 || total
-------------------------+-------+-------+-------+-------+-------++-------
Melee: Dagger            |    40 |     2 |    96 |       |       ||   138
       Bite              |     1 |       |     6 |    42 |    52 ||   101
       Punch             |       |       |     1 |    18 |       ||    19
       War axe           |       |       |    12 |   415 |   385 ||   812
Throw: Dart              |       |       |       |     8 |     2 ||    10
 Cast: Magic Dart        |    44 |    70 |   113 |    30 |     4 ||   261
       Searing Ray       |       |     4 |    34 |     8 |       ||    46
       Iron Shot         |       |       |       |       |     6 ||     6
Invok: Sacrifice Artific |       |       |     1 |       |       ||     1
       Sacrifice Health  |       |       |       |     1 |       ||     1
       Sacrifice a Hand  |       |       |       |       |     1 ||     1
       Apocalypse        |       |       |       |       |     1 ||     1
  Use: Scroll            |       |       |     7 |    17 |     1 ||    25
       Potion            |       |       |       |     1 |     1 ||     2
 Stab: Distracted        |       |       |     1 |     1 |     4 ||     6
       Sleeping          |       |       |     3 |     7 |     2 ||    12
       Invisible         |       |       |       |     7 |    14 ||    21
       Paralysed         |       |       |       |       |     7 ||     7
Armor: Robe              |     7 |     2 |    21 |    37 |     3 ||    70
       Chain mail        |       |       |       |   128 |   165 ||   293
       Steam dragon scal |       |       |       |       |     5 ||     5
Dodge: Dodged            |    34 |     7 |    98 |   291 |   271 ||   701

Levels and vault maps discovered:
D:1:      ncdulo_lavacross, layout_loops_ring, serial_shops, shop,
          serial_bayou_pond_b
D:2:      layout_loops_ring, uniq_sigmund, uniq_jessica
D:3:      layout_loops_ring, grunt_dithmenos_smoke_and_mirrors, minivault_5
D:4:      layout_loops_ring, beargit_hepliaklqana_dungeon_heroes
D:5:      kennysheep_six_static_rooms, layout_basic,
          minmay_temple_entry_junction_2
D:6:      layout_loops_corners, gup_sewer_entry_bubbles
D:7:      layout_rooms, amcnicky_altar_gilded, serial_shops, nicolae_shop_stone,
          shop, nicolae_lakefront_shop, shop
D:8:      cheibrodos_statue_roulette, layout_loops_ring,
          kennysheep_pointless_box, minmay_guarded_unrand_finisher
D:9:      layout_big_octagon, erik_lair_orcish_takeover, serial_bayou_ford_a
D:10:     layout_roguey, vehumet_crystals, nicolae_sif_muna_little_library,
          nicolae_qazlal_general_emergency, xom_teletrap_fun,
          mainiacjoe_overflow_brackets, grunt_ogre_cave, hangedman_stone_soup
D:11:     layout_basic
Temple:   nicolae_temple_great_sept
Lair:1:   layout_cave_shapes, infiniplex_staircase_pool_2, uniq_gastronok,
          uniq_maggie
Lair:2:   layout_small_grid, special_room [special_room_bee],
          infiniplex_staircase_pool, serial_bayou_shore_b, uniq_urug
Lair:3:   layout_roguey, minmay_swamp_entry_reptiles, fungi_pond_lemuel,
          minmay_lair_oklob_chamber
Lair:4:   layout_regular_city, minmay_snake_entry_guardpost_medium,
          gauntlet_entry_generic, grunt_megastairs_1

Notes
Turn   | Place    | Note
-------+----------+-------------------------------------------
     0 | D:1      | sanka the Gnoll Conjurer began the quest for the Orb.
     0 | D:1      | Reached XP level 1. HP: 13/13 MP: 6/6
   375 | D:1      | Reached XP level 2. HP: 8/19 MP: 2/7
   795 | D:1      | Found Gacrorph's Armour Emporium.
  1326 | D:1      | Reached XP level 3. HP: 25/25 MP: 6/9
  1446 | D:2      | Reached skill level 5 in Spellcasting
  1449 | D:2      | Learned a level 2 spell: Searing Ray
  1566 | D:2      | Noticed Jessica
  1582 | D:2      | Killed Jessica
  1583 | D:2      | Reached skill level 1 in Fighting
  1583 | D:2      | Reached skill level 1 in Short Blades
  1583 | D:2      | Reached skill level 1 in Long Blades
  1583 | D:2      | Reached skill level 1 in Axes
  1583 | D:2      | Reached skill level 1 in Maces & Flails
  1583 | D:2      | Reached skill level 1 in Polearms
  1583 | D:2      | Reached skill level 1 in Staves
  1583 | D:2      | Reached skill level 1 in Slings
  1583 | D:2      | Reached skill level 1 in Bows
  1583 | D:2      | Reached skill level 1 in Crossbows
  1583 | D:2      | Reached skill level 1 in Throwing
  1583 | D:2      | Reached skill level 1 in Armour
  1583 | D:2      | Reached skill level 1 in Shields
  1583 | D:2      | Reached skill level 1 in Unarmed Combat
  1583 | D:2      | Reached skill level 1 in Invocations
  1583 | D:2      | Reached skill level 1 in Evocations
  1627 | D:2      | Reached XP level 4. HP: 32/32 MP: 8/11
  1870 | D:2      | Noticed Sigmund
  2040 | D:2      | Killed Sigmund
  2041 | D:2      | Reached skill level 1 in Hexes
  2041 | D:2      | Reached skill level 1 in Summonings
  2041 | D:2      | Reached skill level 1 in Necromancy
  2041 | D:2      | Reached skill level 1 in Translocations
  2041 | D:2      | Reached skill level 1 in Transmutations
  2041 | D:2      | Reached skill level 1 in Fire Magic
  2041 | D:2      | Reached skill level 1 in Ice Magic
  2041 | D:2      | Reached skill level 1 in Air Magic
  2041 | D:2      | Reached skill level 1 in Earth Magic
  2041 | D:2      | Reached skill level 1 in Poison Magic
  2041 | D:2      | Reached skill level 2 in Invocations
  2041 | D:2      | Reached XP level 5. HP: 38/38 MP: 7/12
  2041 | D:2      | Reached XP level 6. HP: 44/44 MP: 7/13
  2594 | D:3      | Found a shadowy altar of Dithmenos.
  3019 | D:3      | Noticed a water moccasin
  3025 | D:3      | Killed a water moccasin
  3026 | D:3      | Reached skill level 2 in Fighting
  3026 | D:3      | Reached skill level 2 in Short Blades
  3026 | D:3      | Reached skill level 2 in Long Blades
  3026 | D:3      | Reached skill level 2 in Axes
  3026 | D:3      | Reached skill level 2 in Maces & Flails
  3026 | D:3      | Reached skill level 2 in Polearms
  3026 | D:3      | Reached skill level 2 in Staves
  3026 | D:3      | Reached skill level 2 in Slings
  3026 | D:3      | Reached skill level 2 in Bows
  3026 | D:3      | Reached skill level 2 in Crossbows
  3026 | D:3      | Reached skill level 2 in Throwing
  3026 | D:3      | Reached skill level 2 in Armour
  3026 | D:3      | Reached skill level 5 in Dodging
  3026 | D:3      | Reached skill level 2 in Shields
  3026 | D:3      | Reached skill level 2 in Unarmed Combat
  3026 | D:3      | Reached skill level 2 in Evocations
  3759 | D:4      | Noticed a water moccasin
  3765 | D:4      | Killed a water moccasin
  3766 | D:4      | Reached XP level 7. HP: 33/50 MP: 7/15
  4260 | D:4      | Reached skill level 2 in Hexes
  4260 | D:4      | Reached skill level 2 in Summonings
  4260 | D:4      | Reached skill level 2 in Necromancy
  4260 | D:4      | Reached skill level 2 in Translocations
  4260 | D:4      | Reached skill level 2 in Transmutations
  4260 | D:4      | Reached skill level 2 in Fire Magic
  4260 | D:4      | Reached skill level 2 in Ice Magic
  4260 | D:4      | Reached skill level 2 in Air Magic
  4260 | D:4      | Reached skill level 2 in Earth Magic
  4260 | D:4      | Reached skill level 2 in Poison Magic
  4493 | D:4      | Found a hazy altar of Hepliaklqana.
  4599 | D:4      | Reached skill level 5 in Stealth
  4638 | D:5      | Entered Level 5 of the Dungeon
  4646 | D:5      | Reached skill level 3 in Invocations
  4785 | D:5      | Reached XP level 8. HP: 55/57 MP: 4/16
  5003 | D:5      | Reached skill level 3 in Fighting
  5003 | D:5      | Reached skill level 3 in Short Blades
  5003 | D:5      | Reached skill level 3 in Long Blades
  5003 | D:5      | Reached skill level 3 in Axes
  5003 | D:5      | Reached skill level 3 in Maces & Flails
  5003 | D:5      | Reached skill level 3 in Polearms
  5003 | D:5      | Reached skill level 3 in Staves
  5003 | D:5      | Reached skill level 3 in Slings
  5003 | D:5      | Reached skill level 3 in Bows
  5003 | D:5      | Reached skill level 3 in Crossbows
  5003 | D:5      | Reached skill level 3 in Throwing
  5003 | D:5      | Reached skill level 3 in Armour
  5003 | D:5      | Reached skill level 3 in Shields
  5003 | D:5      | Reached skill level 3 in Unarmed Combat
  5003 | D:5      | Reached skill level 3 in Evocations
  5132 | D:5      | Reached skill level 6 in Spellcasting
  5493 | D:5      | Found a staircase to the Ecumenical Temple.
  5509 | Temple   | Entered the Ecumenical Temple
  5618 | Temple   | Became a worshipper of Ru the Awakened
  6184 | D:5      | Reached skill level 3 in Hexes
  6184 | D:5      | Reached skill level 3 in Summonings
  6184 | D:5      | Reached skill level 3 in Necromancy
  6184 | D:5      | Reached skill level 3 in Translocations
  6184 | D:5      | Reached skill level 3 in Transmutations
  6184 | D:5      | Reached skill level 3 in Fire Magic
  6184 | D:5      | Reached skill level 3 in Ice Magic
  6184 | D:5      | Reached skill level 3 in Air Magic
  6184 | D:5      | Reached skill level 3 in Earth Magic
  6184 | D:5      | Reached skill level 3 in Poison Magic
  6184 | D:5      | Reached skill level 4 in Invocations
  6256 | D:6      | Noticed a yak
  6256 | D:6      | Noticed a yak
  6262 | D:6      | Noticed a yak
  6263 | D:6      | Noticed a yak
  6266 | D:6      | Noticed a yak
  6268 | D:6      | Killed a yak
  6268 | D:6      | Killed a yak
  6269 | D:6      | Reached skill level 6 in Dodging
  6269 | D:6      | Reached XP level 9. HP: 37/65 MP: 8/18
  6275 | D:6      | Reached skill level 4 in Fighting
  6275 | D:6      | Reached skill level 4 in Short Blades
  6275 | D:6      | Reached skill level 4 in Long Blades
  6275 | D:6      | Reached skill level 4 in Axes
  6275 | D:6      | Reached skill level 4 in Maces & Flails
  6275 | D:6      | Reached skill level 4 in Polearms
  6275 | D:6      | Reached skill level 4 in Staves
  6275 | D:6      | Reached skill level 4 in Slings
  6275 | D:6      | Reached skill level 4 in Bows
  6275 | D:6      | Reached skill level 4 in Crossbows
  6275 | D:6      | Reached skill level 4 in Throwing
  6275 | D:6      | Reached skill level 4 in Armour
  6275 | D:6      | Reached skill level 4 in Shields
  6275 | D:6      | Reached skill level 4 in Unarmed Combat
  6275 | D:6      | Reached skill level 4 in Evocations
  6278 | D:6      | Reached skill level 6 in Stealth
  6278 | D:6      | Reached skill level 8 in Conjurations
  6765 | D:6      | Found a glowing drain.
  6773 | Sewer    | Entered a sewer
  7374 | Sewer    | Gained mutation: You cannot study or use magical devices.
                  | [Ru sacrifice]
  7374 | Sewer    | Reduced skill Evocations to level 0
  7374 | Sewer    | Reached * piety under Ru
  7374 | Sewer    | Reached ** piety under Ru
  7559 | Sewer    | Reached skill level 5 in Invocations
  8150 | D:6      | Identified the +12 war axe of Past Mistakes {pain, rF-
                  | Str+4 Dex+3}
  8612 | D:7      | Found Haebrano's Antique Armour Shoppe.
  8623 | D:7      | Reached skill level 7 in Spellcasting
  8641 | D:7      | Reached skill level 4 in Hexes
  8641 | D:7      | Reached skill level 4 in Summonings
  8641 | D:7      | Reached skill level 4 in Necromancy
  8641 | D:7      | Reached skill level 4 in Translocations
  8641 | D:7      | Reached skill level 4 in Transmutations
  8641 | D:7      | Reached skill level 4 in Fire Magic
  8641 | D:7      | Reached skill level 4 in Ice Magic
  8641 | D:7      | Reached skill level 4 in Air Magic
  8641 | D:7      | Reached skill level 4 in Earth Magic
  8641 | D:7      | Reached skill level 4 in Poison Magic
  8641 | D:7      | Reached XP level 10. HP: 67/73 MP: 9/20
  8712 | D:7      | Found Cyblaef's Jewellery Emporium.
  8802 | D:7      | Found Aneagaf's Distillery.
  9012 | D:7      | Reached skill level 5 in Fighting
  9012 | D:7      | Reached skill level 5 in Short Blades
  9012 | D:7      | Reached skill level 5 in Long Blades
  9012 | D:7      | Reached skill level 5 in Axes
  9012 | D:7      | Reached skill level 5 in Maces & Flails
  9012 | D:7      | Reached skill level 5 in Polearms
  9012 | D:7      | Reached skill level 5 in Staves
  9012 | D:7      | Reached skill level 5 in Slings
  9012 | D:7      | Reached skill level 5 in Bows
  9012 | D:7      | Reached skill level 5 in Crossbows
  9012 | D:7      | Reached skill level 5 in Throwing
  9012 | D:7      | Reached skill level 5 in Armour
  9012 | D:7      | Reached skill level 5 in Shields
  9012 | D:7      | Reached skill level 5 in Unarmed Combat
  9222 | D:7      | Found Jopp's Magic Scroll Emporium.
  9394 | D:7      | Found a white marble altar of Elyvilon.
  9603 | D:8      | Reached skill level 7 in Dodging
  9683 | D:8      | Noticed a skeletal warrior
  9684 | D:8      | Found the +5 scythe "Finisher" {speed, eviscerate}
  9717 | D:7      | Killed a skeletal warrior
 10149 | D:8      | Reached skill level 6 in Invocations
 10425 | D:8      | Identified 2 scrolls of acquirement
 10426 | D:8      | Acquired 827 gold pieces
 10427 | D:8      | Acquired the +3 pair of seven-league boots {Rampage+∞}
 10428 | D:8      | Found the +3 pair of seven-league boots {Rampage+∞}
 10531 | D:7      | Bought a scroll of acquirement for 728 gold pieces
 10531 | D:7      | Acquired 566 gold pieces
 10580 | D:7      | Bought a ripped robe for 159 gold pieces
 10580 | D:7      | Identified the +1 robe of Teusm {rElec rN+} (You bought it
                  | in a shop on level 7 of the Dungeon)
 10580 | D:7      | Bought a distressingly furry buckler for 266 gold pieces
 10580 | D:7      | Identified the +1 buckler "Mihima" {rF- Int+5} (You bought
                  | it in a shop on level 7 of the Dungeon)
 10609 | D:7      | Bought a ring of protection from fire for 275 gold pieces
 10609 | D:7      | Bought a +4 ring of evasion for 396 gold pieces
 10689 | D:8      | Noticed a gargoyle
 10696 | D:8      | Killed a gargoyle
 10697 | D:8      | Reached skill level 7 in Stealth
 10910 | D:8      | Noticed a gargoyle
 10919 | D:8      | Killed a gargoyle
 11080 | D:8      | Noticed a gargoyle
 11083 | D:8      | Killed a gargoyle
 11091 | D:8      | Noticed a gargoyle
 11095 | D:8      | Killed a gargoyle
 11099 | D:8      | Noticed a gargoyle
 11107 | D:8      | Killed a gargoyle
 11108 | D:8      | Reached XP level 11. HP: 66/81 MP: 22/22
 11356 | D:8      | Gained mutation: You are frail. (-10% HP) [Ru sacrifice]
 11356 | D:8      | Reached *** piety under Ru
 11356 | D:8      | Reached **** piety under Ru
 11387 | D:8      | Noticed a two-headed ogre
 11393 | D:8      | Killed a two-headed ogre
 11394 | D:8      | Reached skill level 6 in Fighting
 11394 | D:8      | Reached skill level 6 in Short Blades
 11394 | D:8      | Reached skill level 6 in Long Blades
 11394 | D:8      | Reached skill level 6 in Axes
 11394 | D:8      | Reached skill level 6 in Maces & Flails
 11394 | D:8      | Reached skill level 6 in Polearms
 11394 | D:8      | Reached skill level 6 in Staves
 11394 | D:8      | Reached skill level 6 in Slings
 11394 | D:8      | Reached skill level 6 in Bows
 11394 | D:8      | Reached skill level 6 in Crossbows
 11394 | D:8      | Reached skill level 6 in Throwing
 11394 | D:8      | Reached skill level 6 in Armour
 11394 | D:8      | Reached skill level 6 in Shields
 11394 | D:8      | Reached skill level 6 in Unarmed Combat
 11394 | D:8      | Reached skill level 5 in Hexes
 11394 | D:8      | Reached skill level 5 in Summonings
 11394 | D:8      | Reached skill level 5 in Necromancy
 11394 | D:8      | Reached skill level 5 in Translocations
 11394 | D:8      | Reached skill level 5 in Transmutations
 11394 | D:8      | Reached skill level 5 in Fire Magic
 11394 | D:8      | Reached skill level 5 in Ice Magic
 11394 | D:8      | Reached skill level 5 in Air Magic
 11394 | D:8      | Reached skill level 5 in Earth Magic
 11394 | D:8      | Reached skill level 5 in Poison Magic
 11646 | D:8      | Reached skill level 8 in Spellcasting
 11944 | D:9      | Found a staircase to the Lair.
 12553 | D:7      | Bought a potion of curing for 36 gold pieces
 12553 | D:7      | Bought a potion of heal wounds for 60 gold pieces
 12702 | D:9      | Identified the +5 chain mail of the Lobster {Dex+5}
 12956 | D:10     | Entered Level 10 of the Dungeon
 12974 | D:10     | Found a shimmering altar of Xom.
 12999 | D:10     | Found a radiant altar of Vehumet.
 13038 | D:10     | Noticed a two-headed ogre
 13045 | D:10     | Killed a two-headed ogre
 13046 | D:10     | Reached skill level 9 in Conjurations
 13046 | D:10     | Reached skill level 7 in Invocations
 13184 | D:10     | Reached skill level 8 in Dodging
 13480 | D:10     | Found a shimmering blue altar of Sif Muna.
 13780 | D:10     | Noticed a two-headed ogre
 13795 | D:10     | Killed a two-headed ogre
 13796 | D:10     | Reached skill level 8 in Stealth
 13862 | D:10     | Noticed a two-headed ogre
 13868 | D:10     | Killed a two-headed ogre
 13869 | D:10     | Reached XP level 12. HP: 50/80 MP: 24/24
 14191 | D:10     | Found a stormy altar of Qazlal.
 14336 | D:10     | Found a glowing silver altar of Zin.
 14677 | D:11     | Reached skill level 7 in Fighting
 14677 | D:11     | Reached skill level 7 in Short Blades
 14677 | D:11     | Reached skill level 7 in Long Blades
 14677 | D:11     | Reached skill level 7 in Axes
 14677 | D:11     | Reached skill level 7 in Maces & Flails
 14677 | D:11     | Reached skill level 7 in Polearms
 14677 | D:11     | Reached skill level 7 in Staves
 14677 | D:11     | Reached skill level 7 in Slings
 14677 | D:11     | Reached skill level 7 in Bows
 14677 | D:11     | Reached skill level 7 in Crossbows
 14677 | D:11     | Reached skill level 7 in Throwing
 14677 | D:11     | Reached skill level 7 in Armour
 14677 | D:11     | Reached skill level 7 in Shields
 14677 | D:11     | Reached skill level 7 in Unarmed Combat
 14833 | D:11     | Noticed a two-headed ogre
 14840 | D:11     | Killed a two-headed ogre
 15614 | Lair:1   | Entered Level 1 of the Lair of Beasts
 15622 | Lair:1   | Reached skill level 6 in Hexes
 15622 | Lair:1   | Reached skill level 6 in Summonings
 15622 | Lair:1   | Reached skill level 6 in Necromancy
 15622 | Lair:1   | Reached skill level 6 in Translocations
 15622 | Lair:1   | Reached skill level 6 in Transmutations
 15622 | Lair:1   | Reached skill level 6 in Fire Magic
 15622 | Lair:1   | Reached skill level 6 in Ice Magic
 15622 | Lair:1   | Reached skill level 6 in Air Magic
 15622 | Lair:1   | Reached skill level 6 in Earth Magic
 15622 | Lair:1   | Reached skill level 6 in Poison Magic
 15687 | Lair:1   | Noticed Gastronok
 15703 | Lair:1   | Reached skill level 8 in Invocations
 15723 | Lair:1   | Reached skill level 9 in Spellcasting
 16033 | Lair:1   | Identified +1 steam dragon scales
 16033 | Lair:1   | Noticed Maggie
 16054 | Lair:1   | Killed Maggie
 16257 | Lair:1   | Identified a potion of resistance
 16259 | Lair:1   | Identified a potion of experience
 16261 | Lair:1   | Reached skill level 8 in Fighting
 16261 | Lair:1   | Reached skill level 8 in Short Blades
 16261 | Lair:1   | Reached skill level 8 in Long Blades
 16261 | Lair:1   | Reached skill level 8 in Axes
 16261 | Lair:1   | Reached skill level 8 in Maces & Flails
 16261 | Lair:1   | Reached skill level 8 in Polearms
 16261 | Lair:1   | Reached skill level 8 in Staves
 16261 | Lair:1   | Reached skill level 8 in Slings
 16261 | Lair:1   | Reached skill level 8 in Bows
 16261 | Lair:1   | Reached skill level 8 in Crossbows
 16261 | Lair:1   | Reached skill level 8 in Throwing
 16261 | Lair:1   | Reached skill level 8 in Armour
 16261 | Lair:1   | Reached skill level 9 in Dodging
 16261 | Lair:1   | Reached skill level 9 in Stealth
 16261 | Lair:1   | Reached skill level 8 in Shields
 16261 | Lair:1   | Reached skill level 8 in Unarmed Combat
 16261 | Lair:1   | Reached XP level 13. HP: 82/88 MP: 26/26
 16626 | Lair:1   | Gained mutation: You are missing a hand. [Ru sacrifice]
 16626 | Lair:1   | Reduced skill Shields to level 0
 16626 | Lair:1   | Reduced skill Bows to level 0
 16626 | Lair:1   | Reached ***** piety under Ru
 16626 | Lair:1   | Reached ****** piety under Ru
 16648 | Lair:1   | Killed Gastronok
 16649 | Lair:1   | Reached skill level 9 in Invocations
 17126 | Lair:2   | Identified the +9 bardiche "Transmigrator" {flame, rElec
                  | Will+ Str+2 Stlth+}
 17270 | Lair:2   | Reached skill level 10 in Conjurations
 17338 | Lair:2   | Noticed Urug
 17348 | Lair:2   | Killed Urug
 17591 | Lair:2   | Reached skill level 7 in Hexes
 17591 | Lair:2   | Reached skill level 7 in Summonings
 17591 | Lair:2   | Reached skill level 7 in Necromancy
 17591 | Lair:2   | Reached skill level 7 in Translocations
 17591 | Lair:2   | Reached skill level 7 in Transmutations
 17591 | Lair:2   | Reached skill level 7 in Fire Magic
 17591 | Lair:2   | Reached skill level 7 in Ice Magic
 17591 | Lair:2   | Reached skill level 7 in Air Magic
 17591 | Lair:2   | Reached skill level 7 in Earth Magic
 17591 | Lair:2   | Reached skill level 7 in Poison Magic
 17598 | Lair:2   | Reached XP level 14. HP: 90/95 MP: 27/27
 18521 | Lair:3   | Found a staircase to the Swamp.
 18894 | Lair:3   | Reached skill level 10 in Spellcasting
 19764 | D:7      | Bought a potion of invisibility for 96 gold pieces
 19764 | D:7      | Bought a potion of berserk rage for 60 gold pieces
 19809 | D:7      | Bought a scroll of magic mapping for 49 gold pieces
 19809 | D:7      | Bought a scroll of blinking for 105 gold pieces
 19809 | D:7      | Bought a scroll of teleportation for 42 gold pieces
 20241 | Lair:4   | Reached skill level 10 in Dodging
 20377 | Lair:4   | Found a gate leading to a gauntlet.
 20402 | Gauntlet | Entered a Gauntlet
 20402 | Gauntlet | Found a transporter.
 20402 | Gauntlet | Found a transporter.
 20402 | Gauntlet | Found a transporter.
 20675 | Gauntlet | Found a transporter.
 20677 | Gauntlet | Found a transporter.
 20688 | Gauntlet | Found a transporter.
 20688 | Gauntlet | Found a transporter.
 20697 | Gauntlet | Found a transporter.
 20714 | Gauntlet | Found a transporter.
 20732 | Gauntlet | Found a transporter.
 20735 | Gauntlet | Found a transporter.
 20745 | Gauntlet | Found a transporter.
 20842 | Gauntlet | Reached skill level 9 in Fighting
 20842 | Gauntlet | Reached skill level 9 in Short Blades
 20842 | Gauntlet | Reached skill level 9 in Long Blades
 20842 | Gauntlet | Reached skill level 9 in Axes
 20842 | Gauntlet | Reached skill level 9 in Maces & Flails
 20842 | Gauntlet | Reached skill level 9 in Polearms
 20842 | Gauntlet | Reached skill level 9 in Staves
 20842 | Gauntlet | Reached skill level 9 in Slings
 20842 | Gauntlet | Reached skill level 9 in Crossbows
 20842 | Gauntlet | Reached skill level 9 in Throwing
 20842 | Gauntlet | Reached skill level 9 in Armour
 20842 | Gauntlet | Reached skill level 9 in Unarmed Combat
 20966 | Gauntlet | Identified the ring "Eschusme" {rF+ Str-2 Int+6 Slay+3}
 20973 | Gauntlet | Learned a level 2 spell: Blink
 21010 | Gauntlet | Learned a level 6 spell: Iron Shot
 21117 | Gauntlet | Identified the +0 helmet "Loerry Fuyck" {+Blink rC- rN+
                  | Str+9}
 21188 | Gauntlet | Reached skill level 10 in Stealth
 21406 | Lair:4   | Found a staircase to the Snake Pit.
 21412 | Lair:4   | Mangled by a boulder beetle

Vanquished Creatures
  Gastronok (Lair:1)
  A minotaur (Gauntlet)
  A hydra (Lair:3)
  5 two-headed ogres
  A tengu warrior (Gauntlet)
  Urug (Lair:2)
  A skeletal warrior (D:7)
  An obsidian statue (Gauntlet)
  2 cyclopes (D:11)
  4 oklob plants (Lair:3)
  5 black mambas
  6 gargoyles (D:8)
  8 cane toads
  Maggie (Lair:1)
  A rime drake (Lair:3)
  3 komodo dragons
  A troll (D:11)
  A tengu conjurer (Gauntlet)
  A merfolk (D:10)
  A queen bee (Lair:2)
  2 hornets
  2 polar bears (Lair:4)
  13 blink frogs
  A meliai zombie (D:10)
  Sigmund (D:2)
  A shadow (D:11)
  18 yaks
  2 wraiths
  2 wyverns
  6 basilisks
  A human (D:10)
  A vampire mosquito (D:5)
  2 chaos spawn (Gauntlet)
  A neqoxec (Gauntlet)
  3 wargs (D:8)
  6 nagas (Lair:4)
  2 acid dragons (D:11)
  8 water moccasins
  2 orc warriors
  A swamp drake (Lair:3)
  4 necrophages
  2 ice beasts (D:7)
  20 wolves
  4 ogres
  2 centaurs
  A phantom (D:7)
  5 kobold brigands
  12 bullfrogs
  A scorpion (D:5)
  A wyvern skeleton (D:7)
  2 water moccasin skeletons
  22 killer bees
  13 wights
  2 electric eels
  7 howler monkeys
  A hound (D:4)
  4 centaur zombies
  10 orc priests
  2 bullfrog skeletons
  A centaur skeleton (D:7)
  Jessica (D:2)
  4 iguanas
  8 orc wizards
  A killer bee zombie (D:8)
  A hound zombie (D:5)
  A howler monkey skeleton (D:7)
  9 adders
  8 river rats (Sewer)
  A shadow imp (D:6)
  A white imp (D:7)
  An ufetubus (D:6)
  An adder skeleton (D:4)
  2 dart slugs (D:4)
  33 orcs
  10 endoplasms
  6 giant cockroaches
  8 goblins
  6 hobgoblins (D:1)
  2 jackals
  29 kobolds
  3 quokkas
  12 ball pythons
  5 bats
  4 frilled lizards
  22 rats
416 creatures vanquished.

Vanquished Creatures (others)
  A black mamba (Lair:4)
  A cane toad (Lair:2)
  A komodo dragon (Lair:3)
  A blink frog (Lair:4)
  A wraith (D:8)
  A wight (D:9)
  21 fungi
  35 plants
62 creatures vanquished.

Grand Total: 478 creatures vanquished
